 Dungeon Crawl Stone Soup version 0.18.1-6-gd335043 (webtiles) character file.

24 Liquid the Sneak (level 2, 0/13 HPs)
             Began as a Spriggan Enchanter on May 15, 2016.
             Slain by an ooze (3 damage)
             ... on level 1 of the Dungeon.
             The game lasted 00:02:50 (514 turns).

Liquid the Sneak (Spriggan Enchanter)                Turns: 514, Time: 00:02:51

Health: 0/13       AC:  3    Str:  4    XL:     2   Next: 79%
Magic:  1/7        EV: 18    Int: 16    God:
Gold:   22         SH:  0    Dex: 16    Spells: 2 memorised, 4 levels left

rFire  . . .     SeeInvis +     a - +1 dagger
rCold  . . .     Gourm    .     b - +1 robe
rNeg   . . .     Faith    .     (shield restricted)
rPois  .         Spirit   .     (helmet restricted)
rElec  .         Dismiss  .     (no cloak)
rCorr  .         Reflect  .     (gloves unavailable)
SustAt .         Harm     .     (boots unavailable)
MR     .....     Rnd*Tele +     (no amulet)
Stlth  +++.......               (no ring)
                                g - ring of teleportation (curse)

@: very quick, not resistant to hostile enchantments, fairly stealthy
A: unfitting armour, see invisible, herbivore 3, speed 3, slow metabolism 2
a: no special abilities


You were on level 1 of the Dungeon.
You were not hungry.

You visited 1 branch of the dungeon, and saw 1 of its levels.

You collected 22 gold pieces.

Inventory:

Hand Weapons
 a - a +1 dagger (weapon)
Armour
 b - a +1 robe (worn)
Jewellery
 g - a cursed ring of teleportation (left hand)
Potions
 e - a potion of cancellation
 f - a potion of might {unknown}
 h - a potion of brilliance {unknown}
Books
 c - a book of Maledictions

   Spells                             Type                      Level
   a - Corona                         Hexes                        1
   b - Ensorcelled Hibernation        Hexes/Ice                    2
   c - Confuse                        Hexes                        3
   d - Tukima's Dance                 Hexes                        3
   e - Dazzling Spray                 Conjuration/Hexes            3
Comestibles
 d - a bread ration


   Skills:
 - Level 1.1 Short Blades
 + Level 3.3 Dodging
 + Level 4.5 Stealth
 + Level 3.2 Spellcasting
 * Level 4.3 Hexes


You had 4 spell levels left.
You knew the following spells:

 Your Spells              Type           Power        Failure   Level  Hunger
a - Corona                Hex            ###....      3%          1    None
b - Ensorcelled Hibernat  Hex/Ice        #.....       12%         2    ##.....


Dungeon Overview and Level Annotations

Branches:
Dungeon (1/15)

Altars:


Innate Abilities, Weirdness & Mutations

You are tiny and cannot use many weapons and most armour.
You have supernaturally acute eyesight.
You are a herbivore.
You cover ground extremely quickly.
You need consume almost no food.


Message History

You hit the ooze.
The ooze is heavily wounded.
The bat misses you. The ooze closely misses you.
You completely miss the ooze.
The ooze is heavily wounded.
The bat misses you. The ooze completely misses you.
You hit the ooze.
The ooze is severely wounded.
The bat misses you. The ooze barely misses you.
You barely miss the ooze.
The ooze is severely wounded.
The bat completely misses you. The ooze hits you.
You hit the ooze but do no damage.
The ooze is severely wounded.
The bat closely misses you. The ooze hits you.
* * * LOW HITPOINT WARNING * * *
You hit the ooze.
The ooze is severely wounded.
The bat closely misses you. The ooze hits you.
You die...

.......... ......... .........#
#..#..... ###. .........#
#..#..... .... >........#
#......# .... .........###>....#
.... .........##....# ....
.......†.......# ...#
.......J.....#.##
...##.##......b.@.##.##..#
.#.##.............##.# #.#
.#................##.# #.#
.†.##.............##.# #.# .#
#)................#..###.##..#
.†....##..........#.###.....#
#.#..............##.##...##
..###..##.......###.#..#..#######
..###†....# #...)###.......#


You could see an ooze and a bat.

Vanquished Creatures
  A dart slug (D:1)
  A giant gecko (D:1)
  5 goblins (D:1)
  5 hobgoblins (D:1)
  A ball python (D:1)
  3 bats (D:1)
  A kobold (D:1)
  2 rats (D:1)
19 creatures vanquished.

Notes
Turn   | Place    | Note
--------------------------------------------------------------
     0 | D:1      | Liquid the Spriggan Enchanter began the quest for the Orb.
     0 | D:1      | Reached XP level 1. HP: 9/9 MP: 5/5
   220 | D:1      | Reached XP level 2. HP: 9/13 MP: 3/6
   224 | D:1      | Learned a level 2 spell: Ensorcelled Hibernation
   514 | D:1      | Slain by an ooze

Skill      XL: |  1  2 |
---------------+-------+-----
Hexes          | 4 |  4.3
Spellcasting   | 3 |  3.2
Short Blades   | |  1.1
Dodging        | |  3.3
Stealth        | |  4.5

Action                   || total
-------------------------++-------
Melee: Dagger            ||    80
 Cast: Corona            ||     4
       Ensorcelled Hiber ||     8
  Use: Scroll            ||     2
 Stab: Sleeping          ||    11
Armor: Robe              ||    10
Dodge: Dodged            ||    56
